 Dungeon Crawl Stone Soup version 0.28.0-62-gf88900778d (webtiles) character file.

Game seed: 1106896758731124785

864 Froggeryz the Cudgeller (level 7, 0/55 HPs)
             Began as a Demonspawn Gladiator on Jan 29, 2024.
             Splashed by a jelly's acid (3 damage)
             ... on level 5 of the Dungeon.
             The game lasted 00:05:38 (5397 turns).

Froggeryz the Cudgeller (Demonspawn Gladiator)      Turns: 5397, Time: 00:05:38

Health: 0/55       AC: -3    Str: 17    XL:     7   Next: 72%
Magic:  7/7        EV: 11    Int:  6    God:
Gold:   235        SH:  0    Dex: 14    Spells: 6/6 levels left

rFire   + . .      SeeInvis .   a - +0 flail
rCold   + . .      Faith    .   (no shield)
rNeg    . . .      Spirit   .   n - +2 ring mail of Complete Protection {rF+ rC+ Int-3}
rPois   .          Reflect  .   i - +2 hat
rElec   .          Harm     .   b - +1 cloak
rCorr   .          Rampage  .   (no gloves)
Will    .....                   (no boots)
Stlth   +.........              (no amulet)
HPRegen 0.18/turn               (no ring)
MPRegen 0.10/turn               (no ring)

@: corroded
A: weakness stinger 2
a: no special abilities


You were on level 5 of the Dungeon.
You visited 1 branch of the dungeon, and saw 5 of its levels.

You collected 235 gold pieces.

Inventory:

Hand Weapons
 a - a +0 flail (weapon)
Missiles
 d - 3 throwing nets (quivered)
Armour
 b - a +1 cloak (worn)
 i - a +2 hat (worn)
 n - the +2 ring mail of Complete Protection (worn) {rF+ rC+ Int-3}
   (You found it on level 3 of the Dungeon)

   Int:       It affects your intelligence (-3).
   rF:        It protects you from fire.
   rC:        It protects you from cold.
Scrolls
 c - a scroll of noise
 e - a scroll of immolation
 j - a scroll of blinking
 l - 2 scrolls of teleportation
 m - 2 scrolls of amnesia {unknown}
 q - a scroll of identify
Potions
 f - a potion of heal wounds {unknown}
 g - a potion of magic {unknown}
 h - 2 potions of curing {unknown}
 k - 2 potions of degeneration {unknown}
 o - a potion of mutation {unknown}
 p - a potion of flight {unknown}


   Skills:
 + Level 4.7 Fighting
 * Level 6.3 Maces & Flails
 - Level 1.7 Throwing
 + Level 3.7 Armour
 - Level 2.6 Dodging


You had 6 spell levels left.
You didn't know any spells.
Your spell library was empty.

Dungeon Overview and Level Annotations

Branches:
Dungeon (5/15)
 Temple: D:4-7

Altars:
Ashenzari
Cheibriados
Fedhas
Gozag
Makhleb
Okawaru
Qazlal
Ru
Yredelemnul
The Shining One

Annotations:
D:4 3 runed translucent doors, Atelerd's ghost, amateur OpEE


Innate Abilities, Weirdness & Mutations

You have a tail ending in a sharp stinger.


Message History

The jelly hits you. The acid corrodes you!
You are splashed with acid!
You barely miss the jelly.
The jelly is moderately wounded.
The jelly hits you but does no damage.
You barely miss the jelly.
You tail-slap the jelly, but do no damage.
The jelly is moderately wounded.
The jelly hits you.
You are splashed with acid!
You hit the jelly.
Your hands burn!
You tail-slap the jelly, but do no damage.
The jelly is moderately wounded.
The jelly completely misses you. The jelly misses you.
You are too injured to fight recklessly!
You hit the jelly. The acid corrodes you!
Your hands burn!
The jelly is moderately wounded.
The jelly barely misses you.
You barely miss the jelly.
The jelly is moderately wounded.
The jelly barely misses you.
You barely miss the jelly.
You tail-slap the jelly, but do no damage.
The jelly is moderately wounded.
The jelly jiggles.
The jelly closely misses you.
You hit the jelly.
Your hands burn!
The jelly is moderately wounded.
The jelly misses you.
You sock the jelly! The acid corrodes you!
Your hands burn!
* * * LOW HITPOINT WARNING * * *
The jelly is heavily wounded.
The jelly barely misses you.
You hit the jelly.
Your hands burn!
* * * LOW HITPOINT WARNING * * *
The jelly is severely wounded.
The jelly hits you.
* * * LOW HITPOINT WARNING * * *
You are splashed with acid!
* * * LOW HITPOINT WARNING * * *
You hit the jelly but do no damage. The acid corrodes you!
Your hands burn!
You die...

#.# #.# #.#
##.## ##...##
#.....# #.J.#
#@#
#.####.######.
#.............
######.#######
#.# #.#
###.####
#......#
#.#.##.#


You could see a jelly.

Vanquished Creatures
  Prince Ribbit (D:5)
  A black bear (D:5)
  A necrophage (D:5)
  A bullfrog zombie (D:5)
  An orc priest (D:2)
  A jelly (D:5)
  3 hounds
  An iron imp (D:5)
  4 iguanas
  A hound skeleton (D:4)
  4 gnolls
  7 adders
  2 white imps (D:5)
  A dart slug (D:4)
  2 orcs (D:2)
  11 bats
  6 endoplasms
  3 giant cockroaches
  4 goblins
  5 hobgoblins
  2 jackals (D:4)
  4 quokkas
  3 ball pythons
  A frilled lizard (D:1)
  11 kobolds
  4 rats
85 creatures vanquished.

Notes
Turn   | Place    | Note
-------+----------+-------------------------------------------
     0 | D:1      | Froggeryz the Demonspawn Gladiator began the quest for the
                  | Orb.
     0 | D:1      | Reached XP level 1. HP: 16/16 MP: 1/1
   185 | D:1      | Reached skill level 3 in Maces & Flails
   242 | D:1      | Gained mutation: You have a small tail. [demonic ancestry]
   242 | D:1      | Reached XP level 2. HP: 11/22 MP: 2/2
  1064 | D:1      | Reached skill level 1 in Armour
  1233 | D:2      | Reached XP level 3. HP: 21/28 MP: 3/3
  1461 | D:2      | Reached XP level 4. HP: 2/34 MP: 4/4
  1944 | D:2      | Reached skill level 4 in Maces & Flails
  2051 | D:2      | Reached XP level 5. HP: 28/41 MP: 5/5
  2920 | D:3      | Identified the +2 ring mail of Complete Protection {rF+ rC+
                  | Int-3}
  3884 | D:4      | Found a runed translucent gate.
  3884 | D:4      | Found a runed translucent gate.
  3885 | D:4      | Found a runed translucent gate.
  3885 | D:4      | Noticed Atelerd's ghost (amateur OpEE)
  3914 | D:4      | Reached XP level 6. HP: 39/47 MP: 6/6
  4335 | D:5      | Entered Level 5 of the Dungeon
  4363 | D:5      | Noticed Prince Ribbit
  4374 | D:5      | HP: 2/47 [Prince Ribbit (8)]
  4375 | D:5      | Killed Prince Ribbit
  4376 | D:5      | Reached skill level 5 in Maces & Flails
  4672 | D:5      | Gained mutation: You have a tail ending in a sharp stinger.
                  | [demonic ancestry]
  4672 | D:5      | Reached XP level 7. HP: 51/54 MP: 7/7
  4685 | D:5      | Found a snail-covered altar of Cheibriados.
  4874 | D:5      | Reached skill level 6 in Maces & Flails
  4918 | D:5      | Found a broken altar of Ashenzari.
  4919 | D:5      | Found a basalt altar of Yredelemnul.
  4921 | D:5      | Found a sacrificial altar of Ru.
  4924 | D:5      | Found an opulent altar of Gozag.
  4925 | D:5      | Found a stormy altar of Qazlal.
  4926 | D:5      | Found an iron altar of Okawaru.
  5231 | D:5      | Found a blossoming altar of Fedhas.
  5232 | D:5      | Found a burning altar of Makhleb.
  5397 | D:5      | Splashed by a jelly's acid

Illustrated notes

Levels and vault maps discovered:
D:1:      minmay_arrival_shattered_statue, layout_basic
D:2:      layout_rooms, kennysheep_generic_room_4
D:3:      layout_basic, lemuel_doored_altar, minmay_bisected
D:4:      layout_loops_ring, gammafunk_ghost_split
D:5:      layout_loops_corners, slow_altar_1, minitemple,
          lightli_ossuary_entry_decrepit_ruins, chequers_serial_rivers_marsh,
          uniq_prince_ribbit1, uniq_duvessa

Skill      XL: |  1  2  3  4  5  6  7 |
---------------+----------------------+-----
Maces & Flails | 3 4 5 6 |  6.3
Armour         | 1 2 3 |  3.7
Fighting       | 3 4 |  4.7
Throwing       | |  1.7
Dodging        | |  2.6

Action                   |  1- 3 |  4- 6 |  7- 9 || total
-------------------------+-------+-------+-------++-------
Melee: Flail             |    86 |   188 |    60 ||   334
       Punch             |     2 |     2 |       ||     4
       Tailslap          |    10 |    23 |    15 ||    48
Evoke: Wand              |       |     3 |       ||     3
  Use: Scroll            |       |     2 |     3 ||     5
Armor: Leather armour    |    12 |       |       ||    12
       Scale mail        |    25 |    70 |       ||    95
       Ring mail         |       |    59 |    19 ||    78
Dodge: Dodged            |    78 |   147 |    40 ||   265
